 Dungeon Crawl Stone Soup version 0.28.0-47-ge53b351184 (webtiles) character file.

Game seed: 11652228697069683249

74 HatHat the Slasher (level 4, 0/41 HPs)
             Began as a Minotaur Berserker on May 2, 2022.
             Was a Believer of Trog.
             Splashed by a jelly's acid (7 damage)
             ... on level 2 of the Dungeon.
             The game lasted 00:06:12 (1022 turns).

HatHat the Slasher (Minotaur Berserker)             Turns: 1022, Time: 00:06:14

Health: 0/41       AC:  2    Str: 23    XL:     4   Next: 9%
Magic:  3/3        EV: 12    Int:  4    God:    Trog [**....]
Gold:   56         SH:  0    Dex: 10    Spells: 3/3 levels left

rFire   . . .      SeeInvis .   c - +0 quarterstaff
rCold   . . .      Faith    .   (shield currently unavailable)
rNeg    . . .      Spirit   .   b - +0 animal skin
rPois   .          Reflect  .   (helmet restricted)
rElec   .          Harm     .   (no cloak)
rCorr   .          Rampage  .   (no gloves)
Will    .....                   (no boots)
Stlth   +.........              e - amulet of the acrobat
HPRegen 0.13/turn               (no ring)
MPRegen 0.08/turn               (no ring)

@: no status effects
A: horns 2, retaliatory headbutt
a: Renounce Religion, Berserk, Trog's Hand


You were on level 2 of the Dungeon.
You worshipped Trog.
Trog was pleased with you.
You visited 1 branch of the dungeon, and saw 2 of its levels.

You collected 56 gold pieces.

Inventory:

Hand Weapons
 a - a +0 falchion
 c - a +0 quarterstaff (weapon)
Missiles
 h - 5 javelins (quivered)
Armour
 b - a +0 animal skin (worn)
Jewellery
 e - an amulet of the acrobat (around neck)
Scrolls
 i - a scroll of brand weapon {unknown}
Potions
 d - a potion of ambrosia {unknown}
 f - 3 potions of curing {unknown}
 g - a potion of haste {unknown}


   Skills:
 + Level 4.3 Fighting
 + Level 4.4 Long Blades
 + Level 2.0 Staves
 + Level 2.7 Armour
 + Level 2.6 Dodging
 + Level 0.1 Stealth


You had 3 spell levels left.
You didn't know any spells.
Your spell library was empty.

Dungeon Overview and Level Annotations

Branches:
Dungeon (2/15)

Altars:


Innate Abilities, Weirdness & Mutations

You have a pair of horns on your head.
You reflexively headbutt those who attack you in melee.


Message History

The bat misses you. The bat completely misses you.
You see here 12 gold pieces.
You thump the bat!
You kill the bat!
Trog accepts your kill.
You start resting.
An endoplasm comes into view.
An endoplasm is nearby!
An endoplasm is nearby!
You now have 56 gold pieces (gained 12).
The ball python hisses angrily.
You sock the ball python!
You kill the ball python!
Trog accepts your kill.
A jelly and a hobgoblin come into view.
The jelly quivers.
The endoplasm quivers.
You hit the hobgoblin but do no damage. The hobgoblin hits you.
You closely miss the hobgoblin.
The hobgoblin hits you but does no damage. x2
You hit the hobgoblin.
The hobgoblin is almost dead.
The hobgoblin closely misses you.
You closely miss the hobgoblin.
The hobgoblin is almost dead.
The hobgoblin barely misses you.
You sock the hobgoblin!
You kill the hobgoblin!
Trog accepts your kill.
You can now call upon Trog for regeneration and willpower.
The jelly barely misses you. The endoplasm freezes you.
You are frozen.
You sock the jelly!
Your hands burn!
* * * LOW HITPOINT WARNING * * *
The jelly is heavily wounded.
The jelly hits you.
* * * LOW HITPOINT WARNING * * *
You are splashed with acid!
You die...

.## #### .#...
...#### ..... .......
...... ....... #.$..
... ... # #..!.###.#
.... #.[......#.....
####.†JJ....... . . #
###@........ .♣...
#..##...... ...# #.##
...##.
######.########.#
.###
.#...>.##.#.....# .
##..##..).#...### .
.<..##†##.......##.
###....#............
###.)..†.............


You could see a jelly and an endoplasm.

Vanquished Creatures
  A hound (D:2)
  2 adders (D:2)
  A dart slug (D:1)
  An endoplasm (D:1)
  A giant cockroach (D:2)
  3 goblins
  2 hobgoblins (D:2)
  3 kobolds
  A quokka (D:2)
  4 ball pythons
  A bat (D:2)
  3 frilled lizards
  2 rats (D:1)
25 creatures vanquished.

Notes
Turn   | Place    | Note
-------+----------+-------------------------------------------
     0 | D:1      | HatHat the Minotaur Berserker began the quest for the Orb.
     0 | D:1      | Reached XP level 1. HP: 19/19 MP: 0/0
   489 | D:1      | Reached XP level 2. HP: 27/27 MP: 1/1
   881 | D:2      | Reached skill level 1 in Staves
   881 | D:2      | Reached XP level 3. HP: 13/33 MP: 2/2
   887 | D:2      | Reached XP level 4. HP: 15/40 MP: 3/3
  1021 | D:2      | Reached ** piety under Trog
  1022 | D:2      | Splashed by a jelly's acid

Illustrated notes

Levels and vault maps discovered:
D:1:      wander_arrival_abandoned_jail, layout_loops_ring, item_on_display_a
D:2:      layout_rooms, serial_shops, nicolae_shop_overgrown_old_shop,
          grunt_ministairs_5

Skill      XL: |  1  2  3 |
---------------+----------+-----
Long Blades    | 4 |  4.4
Fighting       | 4 |  4.3
Staves         | 1 2 |  2.0
Armour         | |  2.7
Dodging        | |  2.6
Stealth        | |  0.1

Action                   |  1- 3 |  4- 6 || total
-------------------------+-------+-------++-------
Melee: Falchion          |     9 |       ||     9
       Quarterstaff      |    25 |    14 ||    39
       Headbutt          |     3 |     1 ||     4
  Use: Scroll            |     1 |       ||     1
 Stab: Sleeping          |     1 |       ||     1
Armor: Animal skin       |     6 |     3 ||     9
Dodge: Dodged            |    33 |    10 ||    43
